 Dungeon Crawl Stone Soup version 0.23-a0-642-g3120c2f5a9 (webtiles) character file.

772 HereIgoKillingAgain the Insei (level 7, -1/52 HPs)
             Began as a Pale Draconian Transmuter on Dec 31, 2018.
             Was a Follower of Uskayaw.
             Slain by a hornet (4 damage)
             ... on level 5 of the Dungeon.
             The game lasted 00:07:26 (5562 turns).

HereIgoKillingAgain the Insei (DrTm)                Turns: 5562, Time: 00:07:26

Health: -1/52      AC:  2    Str: 17    XL:     7   Next: 53%
Magic:  3/11       EV: 20    Int: 13    God:    Uskayaw [*.....]
Gold:   204        SH:  0    Dex: 16    Spells: 2/12 levels left

rFire    . . .     SeeInvis .     - Unarmed
rCold    . . .     Gourm    .   (shield currently unavailable)
rNeg     . . .     Faith    .   (armour unavailable)
rPois    .         Spirit   .   (helmet currently unavailable)
rElec    .         Reflect  .   (cloak currently unavailable)
rCorr    .         Harm     .   (gloves currently unavailable)
MR       .....                  (boots currently unavailable)
Stlth    ++........             (no amulet)
HPRegen  0.17/turn              b - -3 ring of dexterity (curse)
MPRegen  0.12/turn              i - ring of poison resistance

@: mighty, spider-form, very slightly contaminated, slowed, very slow
A: tiny, (breathe steam), unfitting armour, AC +6
a: End Transformation, Stomp, Renounce Religion


You were on level 5 of the Dungeon.
You worshipped Uskayaw.
Uskayaw was noncommittal.
You were not hungry.
You were a venomous arachnid creature.
You visited 1 branch of the dungeon, and saw 5 of its levels.

You collected 204 gold pieces.

Inventory:

Missiles
 a - 66 arrows
 p - a throwing net (quivered)
Armour
 e - a +0 cloak (melded)
 r - the +7 scale mail "Veuxkav" {+Blink rElec rPois Slay+3, unknown}
   (You found it on level 5 of the Dungeon)

   It affects your accuracy and damage with ranged weapons and melee attacks
   (+3).
   It insulates you from electricity.
   It protects you from poison.
   It lets you blink.
Jewellery
 b - a cursed -3 ring of dexterity (left front leg)
 i - a ring of poison resistance (right front leg)
Wands
 g - a wand of flame (12)
Scrolls
 h - 2 scrolls of enchant weapon
 k - 4 scrolls of teleportation {unknown}
 o - a scroll of fog
Potions
 d - 2 potions of lignification {unknown}
 f - 2 potions of curing
 j - a potion of heal wounds {unknown}
 l - a potion of brilliance {unknown}
 m - 3 potions of agility {unknown}
 q - a potion of flight {unknown}
Comestibles
 c - 5 rations


   Skills:
 - Level 1.1 Fighting
 - Level 2.8 Dodging
 - Level 0.3 Stealth
 * Level 6.3 Unarmed Combat
 - Level 3.0 Spellcasting
 + Level 4.1 Transmutations
 + Level 3.3 Invocations


You had 2 spell levels left.
You knew the following spells:

 Your Spells              Type           Power        Failure   Level  Hunger
a - Blade Hands           Tmut           ##........   89%         5    ######.
b - Sticks to Snakes      Tmut           ##......     17%         2    ###....
c - Spider Form           Tmut/Pois      #.........   50%         3    ###....

Your spell library contained the following spells:

 Spells                   Type           Power        Failure   Level  Hunger
 Beastly Appendage        Tmut           ##....       13%         1    #......
 Magic Dart               Conj           #...         43%         1    #......
 Searing Ray              Conj           #.....       56%         2    ###....
 Dazzling Spray           Conj/Hex       #.....       77%         3    ###....
 Ice Form                 Ice/Tmut       #.......     85%         4    #####..
 Force Lance              Conj/Tloc      #.......     98%         4    #####..
 Fulminant Prism          Conj/Hex       #.........   98%         4    #####..
 Iskenderun's Mystic Bla  Conj           #.......     98%         4    #####..


Dungeon Overview and Level Annotations

Branches:
Dungeon (5/15)
 Temple: D:4-7

Altars:
Qazlal
Uskayaw
Xom

Shops:
D:5 [


Innate Abilities, Weirdness & Mutations

((You can breathe blasts of scalding, opaque steam.))
((Your pale cyan-grey scales are hard. (AC +6)))
You cannot fit into any form of body armour.
((You are cold-blooded and may be slowed by cold attacks.))


Message History

You suddenly lose the ability to move!
The hornet stings you!
You feel yourself slow down. The hornet stings you!
* * * LOW HITPOINT WARNING * * *
You are poisoned.
You feel as though you will be slow longer.
You can move again.
You are too injured to fight recklessly!
Unknown command.
You feel very mighty all of a sudden.
You feel sick. The hornet completely misses you.
An orc comes into view. It is wielding a +0 falchion.
The hornet stings you.
* * * LOW HITPOINT WARNING * * *
You are lethally poisoned!
You feel as though you will be slow longer.
You feel better. The hornet stings you!
* * * LOW HITPOINT WARNING * * *
You feel as though you will be slow longer.
The hornet misses you. The hornet stings you.
You die...

#.#.#.#.### ...##.
###.#.......# #......
..#.#.......#
##########...##.
..#.#.......#
.>..............
....#.......#
#.............#.
..###.......#
#...<.........## ..#
#.###+###
#.............#. ###
#.# #.#
######.###.........#.
# #.# #.#
#...sy..o..........†.
#####.# #.#
#.####..............#
#.....# #.# #.#
#....###......>#
#.##### #.# #.#
#....# #.......# #.#
##.###.# #....#
#.......# #.#
#...:..# #....#
#.......# #.#
#..##### #...†#
#.......# #.######..#
#....# #.......#
#.##......# #....#
#.......#


You could see a hornet and an orc.

Vanquished Creatures
  A sky beast (D:5)
  An ogre (D:4)
  A centaur (D:5)
  A howler monkey (D:5)
  2 crimson imps
  2 orc priests (D:4)
  2 iguanas
  Terence (D:2)
  A hound skeleton (D:4)
  6 adders
  5 gnolls
  A shadow imp (D:4)
  An ooze (D:1)
  2 worms
  6 dart slugs
  5 leopard geckos
  5 orcs
  5 giant cockroaches
  3 goblins
  14 hobgoblins
  5 jackals
  4 kobolds
  2 quokkas
  12 bats
  6 frilled lizards
  2 rats
96 creatures vanquished.

Vanquished Creatures (collateral kills)
  2 hounds
  An adder (D:2)
  A gnoll (D:5)
  A goblin (D:3)
  A kobold (D:3)
  A frilled lizard (D:2)
  A rat (D:2)
8 creatures vanquished.

Grand Total: 104 creatures vanquished

Notes
Turn   | Place    | Note
-------+----------+-------------------------------------------
     0 | D:1      | HereIgoKillingAgain the Draconian Transmuter began the
                  | quest for the Orb.
     0 | D:1      | Reached XP level 1. HP: 16/16 MP: 3/3
    78 | D:1      | Reached XP level 2. HP: 15/23 MP: 3/5
    82 | D:1      | Learned a level 2 spell: Sticks to Snakes
  1156 | D:1      | Reached XP level 3. HP: 28/28 MP: 6/6
  1945 | D:2      | Reached XP level 4. HP: 35/35 MP: 7/7
  2066 | D:2      | Noticed Terence
  2077 | D:2      | Killed Terence
  2077 | D:2      | Reached skill level 4 in Unarmed Combat
  2671 | D:3      | Reached XP level 5. HP: 12/40 MP: 2/9
  3010 | D:3      | Found a hide-covered altar of Uskayaw.
  3010 | D:3      | Noticed a -1 hand axe
  3011 | D:3      | Noticed a +0 dagger
  3084 | D:3      | Became a worshipper of Uskayaw the Reveler
  3143 | D:3      | Found a stormy altar of Qazlal.
  3169 | D:3      | Reached * piety under Uskayaw
  3731 | D:3      | Learned a level 3 spell: Spider Form
  3835 | D:4      | Noticed an ogre
  4092 | D:4      | Reached ** piety under Uskayaw
  4096 | D:4      | Killed an ogre
  4096 | D:4      | Reached skill level 1 in Invocations
  4096 | D:4      | Reached XP level 6. HP: 47/47 MP: 4/10
  4137 | D:4      | Reached skill level 5 in Unarmed Combat
  4140 | D:4      | Reached *** piety under Uskayaw
  4145 | D:4      | Got a pitted scale mail
  4146 | D:4      | Identified the +6 scale mail "Ymuir" {Dex+4 SInv} (You
                  | found it on level 4 of the Dungeon)
  4155 | D:4      | Learned a level 5 spell: Blade Hands
  4803 | D:4      | Found a shimmering altar of Xom.
  4855 | D:5      | Entered Level 5 of the Dungeon
  4912 | D:5      | Found Itour Ziucs's Antique Armour Emporium.
  4913 | D:5      | Noticed a sky beast
  4938 | D:5      | Killed a sky beast
  4938 | D:5      | Your scales start taking on a pale cyan-grey colour.
  4938 | D:5      | Reached XP level 7. HP: 13/52 MP: 1/11
  5283 | D:5      | Reached skill level 6 in Unarmed Combat
  5303 | D:5      | Got a dazzling scale mail
  5554 | D:5      | Noticed a hornet
  5559 | D:5      | Paralysed by a hornet for 1 turns
  5562 | D:5      | Slain by a hornet

Vault maps used:
D:1:      nicolae_arrival_memento_mori
D:2:      first_ration, uniq_terence
D:3:      lemuel_crystal_altar, dancing_weapons_uskayaw
D:4:      xom_teletrap_fun
D:5:      serial_shops, nicolae_shop_crystal

Skill      XL: |  1  2  3  4  5  6  7 |
---------------+----------------------+-----
Dodging        | 2 |  2.8
Unarmed Combat | 4 5 6 |  6.3
Spellcasting   | 3 |  3.0
Transmutations | 3 4 |  4.1
Invocations    | 1 2 3 |  3.3
Fighting       | |  1.1
Stealth        | |  0.3

Action                   |  1- 3 |  4- 6 |  7- 9 || total
-------------------------+-------+-------+-------++-------
Melee: Unarmed           |   137 |   279 |    28 ||   444
       Tailslap          |     7 |    17 |     5 ||    29
       Headbutt          |     2 |     1 |       ||     3
       Kick              |     1 |       |       ||     1
       Punch             |       |     8 |     4 ||    12
 Cast: Beastly Appendage |     7 |     1 |       ||     8
       Sticks to Snakes  |    10 |    31 |     4 ||    45
       Spider Form       |       |     4 |     3 ||     7
  Use: Scroll            |     6 |     2 |       ||     8
       Potion            |     1 |       |     2 ||     3
 Stab: Distracted        |     1 |       |       ||     1
       Sleeping          |     1 |       |       ||     1
       Paralysed         |       |     3 |       ||     3
  Eat: Chunk             |     3 |     3 |       ||     6
       Ration            |     1 |     2 |     1 ||     4
Armor: Skin              |    53 |   103 |     3 ||   159
Dodge: Dodged            |   110 |   240 |    27 ||   377

Table legend:
 A = Non-vault XP
 B = Vault XP
 C = Vault XP percentage of total XP
 D = Non-vault monster count
 E = Vault monster count
 F = Vault count percentage of total count
                 A         B        C        D         E       F
            +---------+---------+-------+---------+---------+-------
      Total |    1073 |      31 |   2.8 |     103 |       1 |   1.0
            +---------+---------+-------+---------+---------+-------
        D:1 |      64 |       0 |   0.0 |      23 |       0 |   0.0
        D:2 |      49 |      31 |  38.8 |      18 |       1 |   5.3
        D:3 |     149 |       0 |   0.0 |      33 |       0 |   0.0
        D:4 |     379 |       0 |   0.0 |      18 |       0 |   0.0
        D:5 |     432 |       0 |   0.0 |      11 |       0 |   0.0
            +---------+---------+-------+---------+---------+-------
